Cogmind - Beta 15 @@@ ROGUE MODE // 2025.08.25 @ 16:24:39 Player: WitherScout Result: Destroyed by Q3-QHY(R) with Subdweller Machine Gun Performance ------------- Evolutions (0) 0 Regions Visited (3) 600 Robots Destroyed (14) 70 Value Destroyed (415) 415 Prototype IDs (1) 20 Alien Tech Used (0) 0 Bonus (0) 0 TOTAL SCORE: 1105 Bonus ------- None Cogmind --------- Core Integrity 0/250 Matter 287/300 Energy 179/180 System Corruption 0% Temperature Cool (0) Movement Core (150) Ox2 Location -10/Subcaves Parts ------- > --- POWER (1) -------- Meta Core > --- PROPULSION (2) --- (None) > --- UTILITY (2) ------ Subdweller Optics > --- WEAPON (2) ------- (None) > --- INVENTORY (5) ---- Subdweller Power Source Subdweller Power Source Subdweller Monowheel Disposable Heat Sink Subdweller Optics Peak State ------------ > --- POWER ------------ Meta Core > --- PROPULSION ------- Subdweller Monowheel Subdweller Monowheel Subdweller Monowheel > --- UTILITY ---------- Humpback Subdweller Optics > --- WEAPON ----------- Light Assault Rifle Subdweller Machine Gun Battle Cannon > --- INVENTORY -------- Light Ion Engine Subdweller Power Source Subdweller Power Source Subdweller Power Source Subdweller Power Source Subdweller Power Source Subdweller Power Source Light Angular Momentum Engine Large Storage Unit Subdweller Optics [Rating: 30] Favorites ----------- Power Neutrino Core Engine Light Ion Engine Power Core Neutrino Core Propulsion Light Treads Treads Light Treads Wheel Subdweller Monowheel Utility Subdweller Optics Device Subdweller Optics Storage Large Storage Unit Protection Scrap Shield Weapon Subdweller Machine Gun Energy Gun Medium Laser Energy Cannon Subdweller Beam Cannon Ballistic Gun Subdweller Machine Gun Ballistic Cannon Battle Cannon Build | -11 -10 -10 -10 ------- Run | Yrd Mat Min Sub Slots Evolved . | . . . . Power . | . . . . Propulsion . | . . . . Utility . | . . . . Weapon . | . . . . Parts Attached 30 | 6 2 . 22 Power 4 | 1 . . 3 Engine 2 | 1 . . 1 Core 2 | . . . 2 Reactor . | . . . . Propulsion 7 | 2 . . 5 Treads 2 | 2 . . . Leg . | . . . . Wheel 5 | . . . 5 Hover . | . . . . Flight . | . . . . Utility 10 | 1 2 . 7 Device 5 | . . . 5 Storage 4 | 1 2 . 1 Processor . | . . . . Hackware . | . . . . Protection 1 | . . . 1 Artifact . | . . . . Weapon 9 | 2 . . 7 Energy Gun 1 | 1 . . . Energy Cannon 1 | . . . 1 Ballistic Gun 6 | 1 . . 5 Ballistic Cannon 1 | . . . 1 Launcher . | . . . . Special Weapon . | . . . . Impact Weapon . | . . . . Slashing Weapon . | . . . . Piercing Weapon . | . . . . Special Melee Weapon . | . . . . Unidentified Prototypes 1 | . . . 1 Parts Lost 9 | . . . 9 Power 1 | . . . 1 Propulsion 1 | . . . 1 Utility 2 | . . . 2 Weapon 5 | . . . 5 Highest Loss Streak 3 | . . . 3 To Critical Strikes 1 | . . . 1 Average Backups 9 | . 2 3 10 Power 5 | . 1 2 6 Propulsion . | . . . . Utility 1 | . . 1 1 Weapon 1 | . . . 1 Tool/Special . | . . . . Unused Backups 12 | . . . 12 Power 8 | . . . 8 Propulsion 1 | . . . 1 Utility 3 | . . . 3 Weapon . | . . . . Tool/Special . | . . . . Average Slot Usage (%) 90 | . 85 85 91 Engine 4 | . 14 14 2 Core 8 | . . . 9 Treads 19 | . 28 28 18 Wheel 8 | . . . 10 Device 8 | . . . 10 Storage 11 | . 14 14 11 Energy Gun 3 | . 14 14 1 Ballistic Gun 21 | . 14 14 23 Ballistic Cannon 1 | . . . 1 Peak Build Rating 30 | 6 7 6 30 Average Rating 17 | 4 6 6 19 On Entrance 4 | . 6 6 6 Naked Turns . | . . . . Heaviest Build 221 | 11 26 26 221 Greatest Support 60 | 40 40 40 60 Greatest Overweight (x) 10 | 1 . . 10 Average Overweight (x) 1 | . . . 1 Largest Inventory Capacity 35 | 8 15 15 35 Average Capacity 20 | 7 14 15 21 Most Carried 15 | 1 3 3 15 Average Carried 9 | . 2 3 11 Final Capacity 15 | 8 15 15 5 Final Carried 5 | 1 3 3 5 Class Distribution -------------------- 35% | Scavenger-Mutant 32% | Mutant 18% | Hauler-Mutant 7% | Hauler-Gunner 5% | Hauler-Skirmisher Dominant Class ---------------- Mutant | -10/Materials Mutant | -10/Mines Scavenger-Mutant | -10/Subcaves Resources | -11 -10 -10 -10 ----------- Run | Yrd Mat Min Sub Matter Collected 696 | 231 49 . 416 Remotely . | . . . . Salvage Created 326 | . . . 326 Parts 23 | . . . 23 Haulers Intercepted . | . . . . Recyclers Shooed . | . . . . Parts Field Recycled . | . . . . Retrieved Matter . | . . . . Parts Self-Destructed 17 | . . . 17 Prevented . | . . . . Kills | -11 -10 -10 -10 ------- Run | Yrd Mat Min Sub Combat Hostiles Destroyed 14 | . . . 14 Guns 7 | . . . 7 Cannons 7 | . . . 7 Classes Destroyed 3 | . . . 3 Swarmer 5 | . . . 5 Sentry 1 | . . . 1 Subdweller 8 | . . . 8 Best Kill Streak 3 | . . . 3 Combat Bots Only 3 | . . . 3 Max Kills in Single Turn 1 | . . . 1 Gunslinging . | . . . . Exploded . | . . . . Melee . | . . . . Uniques/NPCs Destroyed . | . . . . Combat | -11 -10 -10 -10 -------- Run | Yrd Mat Min Sub Hostile Shots Fired 195 | . . . 195 Missed 70 | . . . 70 Hits 125 | . . . 125 Projectile 125 | . . . 125 Critical Strikes 4 | . . . 4 Damage Taken 1953 | . . . 1953 Core 256 | . . . 256 Absorbed by Shields . | . . . . Core Remaining (%) 100 | 100 . . . Volleys Fired 52 | . . . 52 Largest 3 | . . . 3 Hottest 130 | . . . 130 Shots Fired 116 | . . . 116 Gun 89 | . . . 89 Cannon 27 | . . . 27 Launcher . | . . . . Special . | . . . . Kinetic 100 | . . . 100 Thermal 16 | . . . 16 Explosive . | . . . . Electromagnetic . | . . . . Robot Hit Streak 15 | . . . 15 Robot Miss Streak 6 | . . . 6 Penetration Max . | . . . . Secondary Targets 1 | . . . 1 Max Gunslinging Chain 1 | . . . 1 Shots Hit Robots 72 | . . . 72 Core Hits 22 | . . . 22 Critical Kills . | . . . . Critical Parts Destroyed . | . . . . Critical Strikes 3 | . . . 3 Burn 1 | . . . 1 Destroy 2 | . . . 2 Melee Attacks . | . . . . Impact . | . . . . Slashing . | . . . . Piercing . | . . . . Sneak Attacks . | . . . . Combat Hostiles . | . . . . Follow-up Attacks . | . . . . Damage Inflicted 1253 | . . . 1253 Guns 859 | . . . 859 Cannons 394 | . . . 394 Explosions . | . . . . Melee . | . . . . Ramming . | . . . . Kinetic 1005 | . . . 1005 Thermal 248 | . . . 248 Explosive . | . . . . Electromagnetic . | . . . . Impact . | . . . . Slashing . | . . . . Piercing . | . . . . Highest Corruption . | . . . . Average Corruption . | . . . . Corruption Purged . | . . . . Corruption Blocked . | . . . . Overload Shots . | . . . . Overflow Damage 22 | . . . 22 Projectiles 22 | . . . 22 Explosions . | . . . . Melee . | . . . . Knockbacks . | . . . . Impact . | . . . . Kinetic . | . . . . Secondary . | . . . . Self-Inflicted Damage . | . . . . Shots . | . . . . Rammed . | . . . . Targets Rammed . | . . . . Kicked . | . . . . Crushed . | . . . . Highest Temperature 265 | . . . 265 Average Temperature 66 | . . . 66 Received Heat Transfer 660 | . . . 660 Siege Activations . | . . . . Martial Activations . | . . . . Shielding Activations . | . . . . Robots Disrupted . | . . . . Combat Hostiles . | . . . . Robots Corrupted . | . . . . Combat Hostiles . | . . . . Parts Fried . | . . . . Impact Corruptions . | . . . . Robots Melted . | . . . . Combat Hostiles . | . . . . Parts Melted 1 | . . . 1 Heat Transferred 481 | . . . 481 Parts Sabotaged . | . . . . Parts Stolen . | . . . . Parts Stripped . | . . . . Power Chain Reactions . | . . . . Alert | -11 -10 -10 -10 ------- Run | Yrd Mat Min Sub Maximum Alert Level . | . . . . Low Security (%) 100 | 100 100 100 . Level 1 . | . . . . Level 2 . | . . . . Level 3 . | . . . . Level 4 . | . . . . Level 5 . | . . . . High Security . | . . . . Max Security . | . . . . Peak Influence . | . . . . Initial . | . . . . Average . | . . . . Influence Increases 625 | . . . 625 Destroy 0b10 Robot/C 120 | . . . 120 Destroy Leader 10 | . . . 10 Lose Combat Pursuer 495 | . . . 495 Influence Decreases 565 | . . . 565 Time Decay 512 | . . . 512 Lost Part 53 | . . . 53 Squads Dispatched . | . . . . Investigation . | . . . . Extermination . | . . . . Reinforcement . | . . . . Assault . | . . . . Garrison . | . . . . Intercept . | . . . . Searches Triggered . | . . . . Construction Impeded . | . . . . Haulers Reinforced . | . . . . Active Scanning Responses . | . . . . Cargo Convoy Interrupts . | . . . . Stealth | -11 -10 -10 -10 --------- Run | Yrd Mat Min Sub Distress Signals . | . . . . Communications Jammed . | . . . . Distress Signals . | . . . . Times Spotted 42 | . . . 42 Peak Tracking Total 7 | . . . 7 Tactical Retreats 9 | . . . 9 Traps | -11 -10 -10 -10 ------- Run | Yrd Mat Min Sub Traps Triggered 1 | . . . 1 Indirectly . | . . . . Trap Hack Attempts . | . . . . Triggered . | . . . . Disarmed . | . . . . Reprogrammed . | . . . . Reused . | . . . . Traps Extracted . | . . . . Installed . | . . . . Triggered . | . . . . Machines | -11 -10 -10 -10 ---------- Run | Yrd Mat Min Sub Machines Disabled . | . . . . Max in Single Turn . | . . . . Machines Repaired . | . . . . Machines Dismantled . | . . . . Machines Sabotaged . | . . . . Overloaded Fab Kills . | . . . . Hacking | -11 -10 -10 -10 --------- Run | Yrd Mat Min Sub Machines Accessed 1 | . . . 1 Terminals . | . . . . Fabricators . | . . . . Repair Stations . | . . . . Recycling Units . | . . . . Scanalyzers . | . . . . Garrison Access . | . . . . Total Hacks 4 | . . . 4 Successful 4 | . . . 4 Failed . | . . . . Catastrophic . | . . . . Database Lockouts . | . . . . Manual . | . . . . Terminals . | . . . . Fabricators . | . . . . Repair Stations . | . . . . Recycling Units . | . . . . Scanalyzers . | . . . . Garrison Access . | . . . . Terminal Hacks 4 | . . . 4 Record 4 | . . . 4 Fabricator Hacks . | . . . . Repair Station Hacks . | . . . . Recycling Unit Hacks . | . . . . Scanalyzer . | . . . . Garrison Access Hacks . | . . . . Unauthorized Hacks . | . . . . Terminals . | . . . . Fabricators . | . . . . Repair Stations . | . . . . Recycling Units . | . . . . Scanalyzers . | . . . . Garrison Access . | . . . . Data Cores Recovered . | . . . . Used . | . . . . Hacking Detections . | . . . . Full Trace Events . | . . . . Feedback Events . | . . . . Feedback Blocked . | . . . . Robot Schematics Acquired . | . . . . Robots Built . | . . . . Authchips . | . . . . Time . | . . . . Total Robot Build Rating . | . . . . Part Schematics Acquired . | . . . . Parts Built . | . . . . Authchips . | . . . . Time . | . . . . Total Part Build Rating . | . . . . Parts Repaired . | . . . . Time . | . . . . Parts Recycled . | . . . . Recycled Matter . | . . . . Retrieved Matter . | . . . . Retrieved Components . | . . . . Parts Scanalyzed . | . . . . Part Schematics Acquired . | . . . . Parts Damaged . | . . . . Bothacking | -11 -10 -10 -10 ------------ Run | Yrd Mat Min Sub Used RIF Installer . | . . . . Robots Hacked . | . . . . Non-combat . | . . . . Combat . | . . . . Robot Hacks Applied . | . . . . Relay Couplers Released . | . . . . Fabnet Peak Effective % . | . . . . Robots Rewired . | . . . . Allies Hacked . | . . . . Hacks Repelled . | . . . . Allies | -11 -10 -10 -10 -------- Run | Yrd Mat Min Sub Total Allies . | . . . . Largest Group . | . . . . Highest-Rated Group . | . . . . Highest-Rated Ally . | . . . . Total Orders . | . . . . Ally Attacks . | . . . . Total Damage . | . . . . Kills . | . . . . Allies Corrupted . | . . . . Allies Melted . | . . . . Intel | -11 -10 -10 -10 ------- Run | Yrd Mat Min Sub Active Infowar (turns) 1878 | . . . 1878 Optics 1878 | . . . 1878 Robot Analysis Total . | . . . . Derelict Logs Recovered . | . . . . Drone Launches . | . . . . Drone Recoveries . | . . . . Exploration | -11 -10 -10 -10 ------------- Run | Yrd Mat Min Sub Turns Passed 2787 | 64 233 141 2349 Spaces Moved 1334 | 42 143 12 1137 Core 20 | 13 . . 7 Treads 799 | 29 143 12 615 Legs . | . . . . Wheels 515 | . . . 515 Hover . | . . . . Flight . | . . . . Fastest Speed 50 | 50 160 160 110 Average Speed 177 | 131 160 160 181 Slowest Speed 560 | 160 160 160 560 Overloaded Moves . | . . . . Propulsion Burnouts . | . . . . Robots Hopped . | . . . . Potential Cave-ins . | . . . . Cave-ins Triggered . | . . . . Exploration Rate (%) 30 | 3 32 11 74 Regions Visited 3 Branch Regions 2 Pre-discovered Areas 1 | . . . 1 Known Exits Taken . | . . . . Unknown Exits Taken 3 | 1 1 1 . Scrap Searched 2 | . . . 2 Spaces Dug . | . . . . Terrain Destroyed . | . . . . Melee . | . . . . Projectile . | . . . . AOE . | . . . . Terrain Rammed . | . . . . Walls Destroyed . | . . . . Machines Disabled . | . . . . Actions | -11 -10 -10 -10 --------- Run | Yrd Mat Min Sub Total 1661 | 48 147 134 1332 Wait 192 | . . 123 69 Move 1331 | 41 142 11 1137 Hop . | . . . . Pick Up 24 | 1 1 . 22 Fast Attach 19 | 6 2 . 11 Attach 10 | . . . 10 Detach 6 | . 1 . 5 Swap 4 | . . . 4 Drop 23 | . 1 . 22 Fire 52 | . . . 52 Melee . | . . . . Ram . | . . . . Kick . | . . . . Crush . | . . . . Escape Stasis . | . . . . Rewire . | . . . . Trap . | . . . . Miscellaneous . | . . . . Route ------- -11/Scrapyard -10/Materials -10/Mines -10/Subcaves (discovered 2 exits: [*Mat] / [*Rec]) History --------- Turn | Location | Event 19 | -11/Scrapyard | Discovered new exit (range 15) 65 | -11/Scrapyard | Entered Materials 270 | -10/Materials | Discovered new exit (range 16) 298 | -10/Materials | Entered Mines 315 | -10/Mines | Build established: Mutant 322 | -10/Mines | Met a Derelict bent on vengeance 431 | -10/Mines | Discovered new exit (range 6) 439 | -10/Mines | Entered Subcaves 550 | -10/Subcaves | Ambushed by swarm of Subdwellers 551 | -10/Subcaves | Ambushed by Subdwellers from Twisted Machinery 551 | -10/Subcaves | Ambushed by Subdwellers from Twisted Machinery 1154 | -10/Subcaves | Build established: Scavenger-Mutant 1319 | -10/Subcaves | A swath of the cavern ceiling suddenly collapsed 1654 | -10/Subcaves | Shifting Twisted Machinery released Scrap Shield 1727 | -10/Subcaves | Shifting Twisted Machinery released Sub. Beam Cannon 1869 | -10/Subcaves | A Subdweller sparked back to life 1869 | -10/Subcaves | A Subdweller sparked back to life 1869 | -10/Subcaves | A Subdweller sparked back to life 1875 | -10/Subcaves | A swath of the cavern ceiling suddenly collapsed 1883 | -10/Subcaves | Core integrity fell below 50% 1912 | -10/Subcaves | Found Prototype Power Core 1912 | -10/Subcaves | Identified Meta Core 1913 | -10/Subcaves | Attached Meta Core, gained temporary slots: Propulsion, Utility, Weapon 1927 | -10/Subcaves | Lost 3 parts (1p2w) 2221 | -10/Subcaves | Learned location of Zion (-7) 2221 | -10/Subcaves | Met a Zionite searching for "candidates" 2343 | -10/Subcaves | Discovered new exit (range 21) 2497 | -10/Subcaves | Visited Clippyterm 2501 | -10/Subcaves | Learned 40 Factory zone layouts 2590 | -10/Subcaves | Build established: Hauler-Mutant 2664 | -10/Subcaves | Disturbed a concealed Subdweller 2671 | -10/Subcaves | Core integrity fell below 20% 2758 | -10/Subcaves | Discovered new exit (range 20) 2766 | -10/Subcaves | Ambushed by Subdwellers from Twisted Machinery 2788 | -10/Subcaves | Destroyed by Q3-QHY(R) with Subdweller Machine Gun Last Messages --------------- Lgt. Ion Engine fries itself beyond repair. Sub. Beam Cannon shoots sparks and powers down. Lgt. Assault Rifle fries itself beyond repair. S-10 Pest destroyed. Acquired 14 matter. Acquired Lgt. Assault Rifle. Flight Unit fries itself beyond repair. EXIT=FOUND Q3-QHY(R) emerges from the Twisted Machinery. Humpback destroyed. Sub. Monowheel destroyed. Temporary Utility slot lost. Dropped Lgt. Assault Rifle. Dropped Broken Sub. Beam Cannon. Dropped Sub. Monowheel. Lgt. Assault Rifle destroyed. Temporary Propulsion slot lost. Temporary Weapon slot lost. Dropped Barrage Gun. Map ----- +----------------------------------------------------+ | ?????????????????????????????????????????????????? | | ?????????????????????????????????????????????????? | | ?????????????????????????????????????????????????? | | ?????????????????????????????????????????????????? | | ?????????????????????????????? ?????????????????? | | ?????????????????????????????? ????????????????? | | ?????????????????????????????? ?" ?????????????? | | ?????????????????????????????? #? #?????????????? | | ???????????????????????????### #? ##???????????? | | ??????????????????????????? # "#??????????? | | ??######??????????????????? [ ? "???????????? | | ??#*%%%##??????####????????# #? <"???????????? | | ??## &!%#?????## ####????# ## "????????????? | | ???####|#????## #????# # ?????????????? | | ???# "#????# ##???# ??????????????? | | ??### ###????# ###?# ## "##?????????????? | | ??# "###????# ###$ # ""##????????????? | | ?## ##???# # # """##???????????? | | ?# #???# %# #" " #???????????? | | ### ###???# # "" #???????????? | | #?## #???????# "" " #????????????? | | #??## #??????## RR*=&#??????????????? | | #?### ##??????# ***&%##?????????????? | | ### ##?????????# *=*[&]#?????????????? | | ####???????# !!%*[#?????????????? | | #??###??# @ ####= #???????? | | #??# #### ##??# #???????? | | #?## # #???# #???????? | | ### ## ### #??? #???????? | | ## ##% ##?## #?? #???????? | | ##???# ##??# #??????? | | % #????# ##???## #??????? | | ### ##????# ?????? # ##??????? | | ??#### #?????# #????? ### ##???????? | | ?????### #?????# ????? ??###????????? | | ???????### ##?????# ???? ?????????????? | | ?????????## ###??????## ## ????## ?????????????? | | ??????????#####?????????###?##?????##????????????? | | ?????????????????????????????????????????????????? | | ?????????????????????????????????????????????????? | | ?????????????????????????????????????????????????? | | ?????????????????????????????????????????????????? | | ?????????????????????????????????????????????????? | | ?????????????????????????????????????????????????? | | ?????????????????????????????????????????????????? | | ?????????????????????????????????????????????????? | | ?????????????????????????????????????????????????? | | ?????????????????????????????????????????????????? | | ?????????????????????????????????????????????????? | | ?????????????????????????????????????????????????? | +----------------------------------------------------+ Best States ------------- Heat Dissipation 25 Energy Generation 19 Energy Capacity 315 Matter Stores 300 Matter Capacity 300 Sight Range 21 Terrain Scan Density 10 Armor Coverage 800 Evasion (%) 40 Recoil Reduction 2 Item Schematics ----------------- None Robot Schematics ------------------ None Fabricated ------------ Nothing Repaired ---------- Nothing Alien Tech Used ----------------- None Achievements -------------- Tank Challenges ------------ None Game ------ Seed StasisCloakingInjector Manual? 0 Play Time 00:25:41 Cumulative 22.4 hours Start 2025.08.25 @ 15:58:54 End 2025.08.25 @ 16:24:39 Sessions 1 Manual Loads 0 Difficulty Rogue Special Mode None Game No. 47 Rogue 47 Adventurer 0 Explorer 0 Win Type - Total 0 Types 0/0/0/0/0/0/0/0/0/0 Lore% 8 Gallery% 19 Achievement% 22 Wizard Run 0 Options --------- Layout 1 ASCII 1 Keyboard 0 Movement Numpad Keybinds 0 Fullscreen 1 Font 24/Cog Map View 50x35 Zoom Use 0% Tactical HUD 0 Map Filters NONE Filters NONE Steam 0 RUN: 74016e0f-9f6c-42da-bc5e-d98bf33ae578